 Dungeon Crawl Stone Soup version 0.24.1-14-gf8d2b509d9 (webtiles) character file.

Game seed: 18421577846554197835, levelgen mode: deterministic

393 Mrkan the Spear-Bearer (level 6, -2/48 HPs)
             Began as a Merfolk Gladiator on May 22, 2020.
             Was a Follower of Vehumet.
             Slain by a howler monkey (6 damage)
             ... on level 4 of the Dungeon.
             The game lasted 00:06:13 (4490 turns).

Mrkan the Spear-Bearer (Merfolk Gladiator)          Turns: 4490, Time: 00:06:14

Health: -2/48      AC:  4    Str: 14    XL:     6   Next: 81%
Magic:  7/7        EV: 15    Int:  7    God:    Vehumet [*.....]
Gold:   192        SH:  0    Dex: 18    Spells: 6/7 levels left

rFire    . . .     SeeInvis .   a - +0 trident
rCold    . . .     Gourm    .   (no shield)
rNeg     . . .     Faith    .   b - +0 leather armour
rPois    .         Spirit   .   c - +0 helmet
rElec    .         Reflect  .   (no cloak)
rCorr    .         Harm     .   (no gloves)
MR       .....                  (no boots)
Stlth    +.........             (no amulet)
HPRegen  0.16/turn              (no ring)
MPRegen  0.10/turn              (no ring)

@: lethally poisoned (-2 -> -3)
A: change form in water, swift swim, stealthy swim
a: Renounce Religion


You were on level 4 of the Dungeon.
You worshipped Vehumet.
Vehumet was aware of your devotion.
You were hungry.

You visited 1 branch of the dungeon, and saw 4 of its levels.

You collected 192 gold pieces.

Inventory:

Hand Weapons
 a - a +0 trident (weapon)
Missiles
 d - 3 throwing nets (quivered)
Armour
 b - a +0 leather armour (worn)
 c - a +0 helmet (worn)
 j - a cursed +0 pair of boots
 m - a +0 cloak
Jewellery
 s - a +5 ring of dexterity {unknown}
 t - a cursed ring of poison resistance {unknown}
Scrolls
 e - a scroll of immolation {unknown}
 h - 4 scrolls of identify {unknown}
 i - a scroll of random uselessness {unknown}
 k - a scroll of fog {unknown}
 l - 2 scrolls of teleportation {unknown}
 n - 2 scrolls of remove curse {unknown}
 q - a scroll of magic mapping {unknown}
Potions
 g - a potion of lignification {unknown}
 o - 2 potions of mutation {unknown}
 p - 2 potions of brilliance {unknown}
 r - a potion of berserk rage {unknown}
Comestibles
 f - 7 rations


   Skills:
 + Level 4.1 Fighting
 * Level 8.0 Polearms
 - Level 2.0 Throwing
 + Level 5.7 Dodging
 + Level 1.1 Spellcasting


You had 6 spell levels left.
You knew the following spells:

 Your Spells              Type           Power        Failure   Level  Hunger
a - Flame Tongue          Conj/Fire      #....        47%         1    ##.....
Your spell library was empty.

Dungeon Overview and Level Annotations

Branches:
Dungeon (4/15)
 Temple: D:4-7

Altars:
Cheibriados
Dithmenos
Fedhas
Hepliaklqana
Vehumet

Shops:
D:4 [

Annotations:
D:3 exclusion: oklob plant


Message History

The worker ant bites you.
* * * LOW HITPOINT WARNING * * *
The howler monkey hoots and howls with incredible vigour!
You hit the worker ant.
You kill the worker ant!
Vehumet accepts your kill.
Your Polearms skill increases to level 8!
The howler monkey closely misses you.
You feel sick.
The howler monkey hoots and howls with incredible vigour!
You hear a shout!
You are feeling hungry.
You feel sick.
The howler monkey hits you but does no damage.
The howler monkey hits you but does no damage.
An orc comes into view. It is wielding a -1 club.
You feel sick.
The orc shouts!
The howler monkey hits you.
You die...

.......######.....## ###
.....###...##.....####...
.[...'.).................
.....#))..>..............
.....#.[..............o..
.....#...................
.....############...##...
..........###..##...####+
..........#....h@........
..........#......†.......
..........+..............
..........#..............
..........#..............
..........#..............
..........#...†..........
........ ####.#########+
#######. ###


You could see a howler monkey and an orc.

Vanquished Creatures
  A scorpion (D:4)
  An orc wizard (D:4)
  An iguana (D:4)
  Jessica (D:2)
  2 worker ants (D:4)
  A hound skeleton (D:3)
  7 adders
  5 oozes
  3 worms
  2 dart slugs
  2 leopard geckos
  13 orcs
  6 bats
  7 giant cockroaches
  8 hobgoblins
  5 jackals (D:3)
  7 frilled lizards
  8 goblins
  6 kobolds
  8 rats
94 creatures vanquished.

Notes
Turn   | Place    | Note
-------+----------+-------------------------------------------
     0 | D:1      | Mrkan the Merfolk Gladiator began the quest for the Orb.
     0 | D:1      | Reached XP level 1. HP: 16/16 MP: 1/1
    92 | D:1      | Reached XP level 2. HP: 23/23 MP: 2/2
   331 | D:1      | Reached skill level 5 in Polearms
   526 | D:1      | Reached XP level 3. HP: 15/28 MP: 3/3
  1117 | D:2      | Noticed Jessica
  1129 | D:2      | Killed Jessica
  1129 | D:2      | Reached skill level 6 in Polearms
  1129 | D:2      | Reached XP level 4. HP: 31/35 MP: 4/4
  1870 | D:3      | Reached skill level 5 in Dodging
  1878 | D:3      | Reached XP level 5. HP: 41/41 MP: 5/5
  1887 | D:3      | Found a radiant altar of Vehumet.
  1925 | D:3      | Became a worshipper of Vehumet
  2038 | D:3      | Found a shadowy altar of Dithmenos.
  2087 | D:3      | Found a snail-covered altar of Cheibriados.
  2323 | D:3      | Found a blossoming altar of Fedhas.
  2346 | D:3      | Noticed an oklob plant
  2467 | D:3      | Reached skill level 7 in Polearms
  2731 | D:3      | Reached * piety under Vehumet
  2731 | D:3      | Offered knowledge of Flame Tongue by Vehumet.
  3176 | D:3      | Learned a level 1 spell: Flame Tongue
  3252 | D:4      | Reached XP level 6. HP: 38/48 MP: 6/6
  3853 | D:4      | Found a hazy altar of Hepliaklqana.
  4059 | D:4      | Reached skill level 1 in Spellcasting
  4436 | D:4      | Found Luityu's Antique Armour Boutique.
  4482 | D:4      | Reached skill level 8 in Polearms
  4490 | D:4      | Slain by a howler monkey

Levels and vault maps discovered:
D:1:      dpeg_arrival_court, layout_basic, hex_medium, serial_bayou_lagoon_b
D:2:      layout_basic, nicolae_underground_beach, uniq_jessica
D:3:      layout_loops_ring, lemuel_crystal_altar,
          nicolae_overflow_hidden_temple, lemuel_coloured_pillars_altar,
          portal_sewer_entry_b, tgw_fedhas
D:4:      layout_gridville, lemuel_crystal_altar, serial_shops,
          nicolae_shop_window_shopping, kennysheep_generic_room_13

Skill      XL: |  1  2  3  4  5  6 |
---------------+-------------------+-----
Polearms       | 5 6 7 8 |  8.0
Fighting       | 3 4 |  4.1
Dodging        | 5 |  5.7
Spellcasting   | 1 |  1.1
Throwing       | |  2.0

Action                   |  1- 3 |  4- 6 || total
-------------------------+-------+-------++-------
Melee: Trident           |    82 |   247 ||   329
 Cast: Flame Tongue      |       |     1 ||     1
 Stab: Sleeping          |       |     5 ||     5
  Eat: Chunk             |     1 |    10 ||    11
Armor: Leather armour    |    17 |    50 ||    67
Dodge: Dodged            |    61 |   217 ||   278
